 Dungeon Crawl Stone Soup version 0.19.0 (webtiles) character file.

5574 CanadianGator the Cleaver (level 10, -2/85 (86) HPs)
             Began as a Minotaur Berserker on Nov 15, 2016.
             Was a Priest of Trog.
             Slain by a hornet (9 damage)
             ... while paralysed by a hornet
             ... on level 9 of the Dungeon.
             The game lasted 00:29:02 (7832 turns).

CanadianGator the Cleaver (Minotaur Berserker)      Turns: 7832, Time: 00:29:03

HP:   -2/85 (86)    AC: 14    Str: 24    XL:     10   Next: 44%
MP:   9/9           EV:  2    Int:  4    God:    Trog [***...]
Gold: 296           SH:  0    Dex: 11    Spells: 0 memorised, 9 levels left

rFire  . . .     SeeInvis +     H - +2 battleaxe (drain)
rCold  . . .     Gourm    .     C - +0 ring mail of Hyosea {rCorr} (curse)
rNeg   . . .     Faith    .     (shield currently unavailable)
rPois  +         Spirit   .     (helmet restricted)
rElec  .         Reflect  .     s - +2 cloak
rCorr  +         Harm     .     x - +1 pair of gloves
MR     .....     NoTele   +     n - +0 pair of boots
Stlth  ++........               J - amulet of inaccuracy (curse)
                                E - ring of poison resistance
                                D - ring of Fator {-Tele Slay+1 SInv Stlth+}

@: paralysed, lethally poisoned (-2 -> -16), slowed
A: retaliatory headbutt, horns 2
a: Berserk, Trog's Hand, Burn Spellbooks, Renounce Religion


You were on level 9 of the Dungeon.
You worshipped Trog.
Trog was most pleased with you.
You were not hungry.

You visited 1 branch of the dungeon, and saw 9 of its levels.

You collected 512 gold pieces.
You spent 216 gold pieces at shops.

Inventory:

Hand Weapons
 B - a +4 dagger of distortion
 H - a +2 battleaxe of draining (weapon)
 I - a +0 war axe of electrocution
Missiles
 g - 179 arrows
 z - 45 bolts
Armour
 n - a +0 pair of boots (worn)
 o - a +1 ring mail of magic resistance
 s - a +2 cloak (worn)
 u - a +0 plate armour
 x - a +1 pair of gloves (worn)
 C - the cursed +0 ring mail of Hyosea (worn) {rCorr}
   (You found it on level 9 of the Dungeon)

   It protects you from acid and corrosion.
   It has a curse placed upon it.
Jewellery
 D - the ring of Fator (left hand) {-Tele Slay+1 SInv Stlth+}
   (You bought it in a shop on level 7 of the Dungeon)

   [ring of slaying]

   It affects your accuracy and damage with ranged weapons and melee attacks
   (+1).
   It lets you see invisible.
   It prevents most forms of teleportation.
   It makes you more stealthy.
 E - a ring of poison resistance (right hand)
 J - a cursed amulet of inaccuracy (around neck)
 K - an uncursed amulet of faith
Wands
 c - a wand of slowing (20/48)
 e - a wand of digging (11/24)
 r - a wand of iceblast (7/15)
 y - a wand of lightning (4/15)
 G - a wand of flame (21/48)
 L - a wand of polymorph (10/24)
Scrolls
 a - a scroll of enchant armour
 d - 2 scrolls of recharging
 i - 8 scrolls of teleportation
 v - 2 scrolls of magic mapping
 A - a scroll of immolation
Potions
 b - a potion of magic
 f - a potion of berserk rage
 h - 2 potions of lignification {unknown}
 l - 2 potions of curing
 m - 2 potions of heal wounds
 p - a potion of ambrosia
 q - a potion of flight {unknown}
Books
 F - a book of Cantrips

   Spells                             Type                      Level
   a - Confusing Touch                Hexes                        1
   b - Animate Skeleton               Necromancy                   1
   c - Summon Small Mammal            Summoning                    1
   d - Apportation                    Translocation                1
   Trog disapproves of the use of such an item.
Comestibles
 j - a meat ration
 k - 5 bread rations
 t - 2 royal jellies
 w - 2 beef jerkies


   Skills:
 + Level 7.4 Fighting
 * Level 12.9 Axes
 * Level 10.0 Armour
 * Level 6.7 Dodging


You had 9 spell levels left.
You didn't know any spells.

Dungeon Overview and Level Annotations

Branches:
Dungeon (9/15)             Temple (0/1) D:6            Lair (0/6) D:8
    Orc: D:9-12

Altars:
Ashenzari
Dithmenos
Fedhas
Gozag
Makhleb
Nemelex Xobeh
Ru
Xom

Shops:
D:6 *!   D:7 =   D:9 !


Innate Abilities, Weirdness & Mutations

You reflexively headbutt those who attack you in melee.
You have a pair of horns on your head.


Message History

The soldier ant stings you but does no damage.
The hornet stings you!
You feel yourself slow down. The hornet barely misses you.
You slash the hornet!
You headbutt the hornet, but do no damage.
The hornet is heavily wounded.
You slash the hornet! You barely miss the soldier ant.
You feel yourself speed up.
You feel sick. The hornet stings you!
* * * LOW HITPOINT WARNING * * *
You are more poisoned.
You suddenly lose the ability to move!
The soldier ant stings you.
* * * LOW HITPOINT WARNING * * *
The hornet stings you.
* * * LOW HITPOINT WARNING * * *
You feel yourself slow down. The hornet stings you!
* * * LOW HITPOINT WARNING * * *
The soldier ant stings you but does no damage.
The hornet stings you!
You die...

<........# ##...## #.#####
.###..#### ##.....## #.....# .#
#...## ##.......## ##.###.#
.###....####.........####...##.#
...........'..>......+.......#.#
.###....###########..####...##.#
.###...## #.#.##..# ##.###.##
....#.## #a#....# ####..)#
##.###.# #@##.## #.<..# ##.#.##
#y#y#.# #....# #..## #######
#.#### #.############.#######
#.# #.# #.)..............# #.#
#.# #.#######(..####.### #<# #.#
#.# #.....#.....# #.# ##.###.#
##...##.....###.# #.#.##.#
##.###.........#


You could see a soldier ant and 2 hornets.

Vanquished Creatures
  Joseph (D:7)
  Psyche (D:8)
  A komodo dragon (D:8)
  A troll (D:9)
  Prince Ribbit (D:7)
  A hippogriff (D:8)
  Edmund (D:6)
  A water moccasin (D:8)
  5 ice beasts
  2 orc warriors (D:8)
  2 phantoms
  A black bear (D:6)
  A necrophage (D:7)
  8 centaurs
  6 ogres
  A big kobold (D:7)
  3 bullfrogs
  5 scorpions
  2 howler monkeys (D:8)
  5 crimson imps
  A jelly (D:9)
  A centaur skeleton (D:8)
  3 orc priests
  5 hounds
  6 orc wizards
  10 worker ants
  2 hound skeletons
  A worker ant zombie (D:8)
  6 gnolls
  6 adders
  A shadow imp (D:5)
  An ooze (D:3)
  An adder skeleton (D:4)
  5 worms
  2 dart slugs
  5 leopard geckos
  28 orcs
  5 ball pythons
  4 giant cockroaches
  8 hobgoblins
  11 jackals
  15 kobolds
  4 quokkas
  6 bats
  3 frilled lizards
  8 goblins
  A quokka skeleton (D:8)
  7 rats
  A bush (D:9)
206 creatures vanquished.

Vanquished Creatures (others)
  7 plants (D:8)
7 creatures vanquished.

Grand Total: 213 creatures vanquished

Notes
Turn   | Place    | Note
-------+----------+-------------------------------------------
     0 | D:1      | CanadianGator the Minotaur Berserker began the quest for the Orb.
     0 | D:1      | Reached XP level 1. HP: 19/19 MP: 0/0
   200 | D:1      | Reached XP level 2. HP: 25/27 MP: 1/1
   271 | D:1      | Reached skill level 4 in Axes
  1098 | D:2      | Reached XP level 3. HP: 29/33 MP: 2/2
  1226 | D:2      | Reached ** piety under Trog
  1609 | D:3      | Found a faded altar of an unknown god.
  1669 | D:3      | Found a shattered altar of Ashenzari.
  1831 | D:3      | Reached XP level 4. HP: 27/40 MP: 3/3
  1874 | D:3      | Reached skill level 5 in Axes
  1964 | D:3      | Found a sparkling altar of Nemelex Xobeh.
  1972 | D:3      | Reached XP level 5. HP: 23/46 MP: 4/4
  2203 | D:3      | Found a shadowy altar of Dithmenos.
  2296 | D:3      | Found an opulent altar of Gozag.
  2481 | D:4      | Noticed an ogre
  2493 | D:4      | Killed an ogre
  2493 | D:4      | Reached skill level 6 in Axes
  2493 | D:4      | Reached XP level 6. HP: 53/53 MP: 5/5
  2496 | D:4      | Reached *** piety under Trog
  3130 | D:5      | Entered Level 5 of the Dungeon
  3149 | D:5      | Noticed an ice beast
  3161 | D:5      | Killed an ice beast
  3161 | D:5      | Reached skill level 5 in Armour
  3212 | D:5      | Reached skill level 7 in Axes
  3212 | D:5      | Reached XP level 7. HP: 26/60 MP: 6/6
  3668 | D:5      | Reached skill level 8 in Axes
  4128 | D:5      | Reached skill level 5 in Fighting
  4128 | D:5      | Reached XP level 8. HP: 65/68 MP: 7/7
  4317 | D:6      | Reached **** piety under Trog
  4608 | D:6      | Noticed Edmund
  4628 | D:6      | Killed Edmund
  4642 | D:6      | Reached skill level 9 in Axes
  4752 | D:6      | Reached skill level 5 in Dodging
  4817 | D:6      | Found a sacrificial altar of Ru.
  4905 | D:6      | Noticed Prince Ribbit
  4958 | D:6      | Found a staircase to the Ecumenical Temple.
  4966 | D:6      | Found Ehiho's Assorted Antiques.
  5030 | D:6      | Found Xothucs's Distillery.
  5235 | D:7      | Noticed Joseph
  5468 | D:7      | Reached XP level 9. HP: 75/75 MP: 8/8
  5475 | D:7      | Killed Prince Ribbit
  5475 | D:7      | Reached skill level 10 in Axes
  5493 | D:7      | Killed Joseph
  5519 | D:7      | Found Paopsuk's Jewellery Shop.
  5527 | D:7      | Bought the ring of Fator {-Tele Slay+1 SInv Stlth+} for 216 gold pieces
  5736 | D:7      | Reached ***** piety under Trog
  5736 | D:7      | Reached skill level 11 in Axes
  6076 | D:7      | Found a shimmering altar of Xom.
  6129 | D:7      | Found a burning altar of Makhleb.
  6379 | D:8      | Reached XP level 10. HP: 68/85 MP: 9/9
  6384 | D:8      | Received a gift from Trog
  6483 | D:8      | Found a staircase to the Lair.
  6522 | D:8      | Reached skill level 12 in Axes
  6829 | D:8      | Reached skill level 10 in Armour
  6831 | D:8      | Noticed Psyche
  6835 | D:8      | Killed Psyche
  7044 | D:9      | Got a pitted ring mail
  7055 | D:9      | Identified the cursed +0 ring mail of Hyosea {rCorr} (You found it on level 9 of the Dungeon)
  7114 | D:9      | Found Reusmy's Distillery.
  7428 | D:9      | Found a blossoming altar of Fedhas.
  7829 | D:9      | Paralysed by a hornet for 1 turns
  7832 | D:9      | Paralysed by a hornet for 2 turns
  7832 | D:9      | Slain by a hornet

Skill      XL: |  1  2  3  4  5  6  7  8  9 10 |
---------------+-------------------------------+-----
Fighting       | 4 5 7 |  7.4
Axes           | 4 5 6 7 8 9 11 12 | 12.9
Armour         | 3 4 5 6 8 9 10 | 10.0
Dodging        | 3 4 5 6 |  6.7

Action                   |  1- 3 |  4- 6 |  7- 9 | 10-12 || total
-------------------------+-------+-------+-------+-------++-------
Melee: Hand axe          |   106 |   141 |   338 |     6 ||   591
       Headbutt          |    16 |    26 |    94 |    16 ||   152
       Battleaxe         |       |       |       |    64 ||    64
Invok: Berserk           |       |     2 |     2 |       ||     4
  Use: Scroll            |     6 |     3 |     6 |     5 ||    20
       Potion            |       |     1 |     1 |       ||     2
 Stab: Sleeping          |       |       |       |     1 ||     1
  Eat: Bread ration      |     1 |       |       |       ||     1
       Beef jerky        |       |     1 |       |       ||     1
       Chunk             |       |     1 |     3 |     3 ||     7
       Meat ration       |       |     1 |     1 |     1 ||     3
Armor: Animal skin       |     9 |       |       |       ||     9
       Ring mail         |    26 |    11 |     2 |    38 ||    77
       Scale mail        |       |    37 |    37 |       ||    74
       Plate armour      |       |       |   147 |       ||   147
Dodge: Dodged            |    77 |    72 |   185 |    55 ||   389
